 Dungeon Crawl Stone Soup version 0.27.1-33-g824d729ab1 (webtiles) character file.

Game seed: 7075691389975098392

10122 pkoi the Grappler (level 11, -12/79 HPs)
             Began as a Pale Draconian Gladiator on Dec 15, 2021.
             Was an Initiate of Gozag.
             Mangled by a boulder beetle (16 damage)
             ... on level 10 of the Dungeon.
             The game lasted 00:19:15 (16832 turns).

pkoi the Grappler (Pale Draconian Gladiator)       Turns: 16832, Time: 00:19:15

Health: -12/79     AC: 10    Str: 16    XL:     11   Next: 32%
Magic:  0/17       EV: 12    Int: 12    God:    Gozag
Gold:   982        SH:  8    Dex: 13    Spells: 15/18 levels left

rFire    . . .     SeeInvis .     - Unarmed
rCold    . . .     Faith    .   (no shield)
rNeg     . . .     Spirit   +   (armour unavailable)
rPois    .         Reflect  .   a - +1 hat
rElec    .         Harm     .   u - +0 cloak
rCorr    .         Rampage  .   g - +0 pair of gloves
Will     .....                  (no boots)
Stlth    +.........             v - brooch of Shielding {Spirit SH+8}
HPRegen  0.23/turn              e - ring of wizardry
MPRegen  0.15/turn              (no ring)

@: short of breath
A: breathe steam, AC +7, unfitting armour, cold-blooded, steam resistance
a: Breathe Steam, Renounce Religion, Potion Petition, Call Merchant, Bribe
Branch


You were on level 10 of the Dungeon.
You worshipped Gozag.
Gozag was pleased with you.
You visited 2 branches of the dungeon, and saw 11 of its levels.

You collected 2575 gold pieces.
You spent 135 gold pieces at shops.
You paid 1458 gold pieces to Gozag.

Inventory:

Missiles
 b - 7 throwing nets
Armour
 a - a +1 hat (worn)
 g - a +0 pair of gloves (worn)
 u - a +0 cloak (worn)
Jewellery
 e - a ring of wizardry (left hand)
 j - an amulet of magic regeneration
 q - a ring of ice
 v - the brooch of Shielding (around neck) {Spirit SH+8}
   (You found it on level 6 of the Dungeon)

   [amulet of guardian spirit]

   It causes incoming damage to be divided between your reserves of health and
   magic.
   SH:        It affects your SH (+8).
Wands
 w - a wand of iceblast (10)
 y - a wand of charming (15)
 B - a wand of acid (2)
 C - a wand of flame (6) (quivered)
 E - a wand of polymorph (5)
Scrolls
 i - 2 scrolls of enchant armour
 m - a scroll of blinking
 n - 2 scrolls of amnesia
 o - a scroll of summoning
 p - a scroll of fear
 r - 2 scrolls of teleportation
 t - 6 scrolls of identify
 x - 2 scrolls of enchant weapon
Potions
 c - 4 potions of heal wounds
 d - a potion of haste
 h - 2 potions of might
 k - 2 potions of berserk rage {unknown}
 l - 4 potions of curing {unknown}
 s - 2 potions of invisibility {unknown}
 z - a potion of resistance {unknown}
 A - 2 potions of attraction {unknown}
 D - a potion of flight {unknown}
 G - a potion of ambrosia {unknown}


   Skills:
 - Level 2.1 Fighting
 - Level 1.7 Throwing
 - Level 2.6 Dodging
 + Level 13.2 Unarmed Combat
 - Level 4.0 Spellcasting
 + Level 10.9 Translocations


You had 15 spell levels left.
You knew the following spells:

 Your Spells              Type           Power      Damage    Failure   Level
a - Gell's Gravitas       Tloc           14%        N/A       1%          3

Your spell library contained the following spells:

 Spells                   Type           Power      Damage    Failure   Level
 Lesser Beckoning         Tloc           14%        N/A       1%          3
 Teleport Other           Tloc           28%        N/A       1%          3
 Foxfire                  Conj/Fire      8%         2x1d4     9%          1
 Freeze                   Ice            8%         1d3       9%          1
 Slow                     Hex            2%         N/A       13%         2
 Confusing Touch          Hex            2%         N/A       26%         3
 Conjure Flame            Conj/Fire      2%         6-21      26%         3
 Frozen Ramparts          Ice            4%         1d2       26%         3
 Inner Flame              Hex/Fire       2%         N/A       26%         3
 Stone Arrow              Conj/Erth      4%         3d7       26%         3
 Hailstorm                Conj/Ice       2%         3d3       61%         4
 Yara's Violent Unravell  Hex/Tmut       1%         3d3       91%         5
 Lehudib's Crystal Spear  Conj/Erth      1%         10d2      100%        8
 Animate Armour           Summ/Erth      Unusable   N/A       N/A         4

Dungeon Overview and Level Annotations

Branches:
Dungeon (10/15)            Temple (1/1) D:6
   Lair: D:8-11         Orc: D:9-12

Altars:
Ashenzari
Cheibriados
Dithmenos
Elyvilon
Fedhas
Gozag
Hepliaklqana
Kikubaaqudgha
Makhleb
Nemelex Xobeh
Qazlal
Ru
Sif Muna
Trog
Uskayaw
Vehumet
Wu Jian
Xom
Yredelemnul
Zin
The Shining One

Shops:
D:2 !   D:3 *   D:4 (?[:   D:6 :   D:8 :   D:10 [

Annotations:
D:3 2 runed translucent doors, JamezByez's ghost, weakling TeCj
D:4 3 runed translucent doors, zeram's ghost, amateur DEBr
D:8 2 runed translucent doors, Stomo444's ghost, novice VSMo


Innate Abilities, Weirdness & Mutations

You can breathe blasts of scalding, opaque steam.
Your pale cyan-grey scales are hard. (AC +7)
You cannot fit into any form of body armour.
You are cold-blooded and may be slowed by cold attacks.
You are immune to the effects of steam.


Message History

The boulder beetle is heavily wounded.
The boulder beetle misses you.
You punch the boulder beetle!
The boulder beetle is heavily wounded.
You hit the boulder beetle but do no damage.
The boulder beetle is heavily wounded.
The boulder beetle bites you!
* * * LOW HITPOINT WARNING * * *
You hit the boulder beetle but do no damage.
The boulder beetle is heavily wounded.
The boulder beetle bites you!
* * * LOW HITPOINT WARNING * * *
You hit the boulder beetle. You tail-slap the boulder beetle.
The boulder beetle is severely wounded.
The boulder beetle bites you!!
* * * LOW HITPOINT WARNING * * *
You hit the boulder beetle but do no damage.
The boulder beetle is severely wounded.
The boulder beetle curls into a ball and begins rolling!
You have got your breath back.
You block the boulder beetle's attack.
The boulder beetle stops rolling and uncurls.
The boulder beetle leaps!
Press: ? - help, Shift-Dir - straight line, f/p - boulder beetle
Aim: a boulder beetle (severely wounded)
You exhale a blast of scalding steam.
The ball of steam hits the boulder beetle but does no damage.
The boulder beetle is severely wounded.
Unknown command.
You punch the boulder beetle!
The boulder beetle is severely wounded.
You hit the boulder beetle but do no damage.
The boulder beetle is severely wounded.
The boulder beetle bites you!
* * * LOW HITPOINT WARNING * * *
You hit the boulder beetle but do no damage.
The boulder beetle is severely wounded.
The boulder beetle bites you!!
You die...
Your body crumbles into a pile of gold.

#. .###.# # .. ...#.# . ##.#.
###.#.# .. ..#.#......#+### ..
#...#.#..[....# #.##...
#§§.....#########
.##.....####..............#
.............§.B@.......<.#
#.....#.#.....####..∩.....#..#
+.... #.#.....# #........#...
#... #.#.....# #........##.###
#.. #...##### #.............
## ##### #.......###.####
#.......#.......
########..##.......
#..............####


You could see a boulder beetle.

Vanquished Creatures
  A boulder beetle (D:10)
  Harold (D:7)
  A two-headed ogre (D:8)
  A tengu warrior (D:7)
  Pikel (D:6)
  A cyclops (D:8)
  An unseen horror (D:7)
  Maggie (D:7)
  3 kobold demonologists (D:9)
  A slime creature (D:7)
  5 yaks
  A shadow (D:10)
  A steam dragon (D:6)
  A water moccasin (D:7)
  An acid dragon (D:7)
  2 necrophages (D:4)
  5 orc warriors
  2 black bears
  A sky beast (D:7)
  4 ogres
  A centaur (D:9)
  2 kobold brigands
  Blork the orc (D:6)
  3 bullfrogs
  5 scorpions
  A water moccasin skeleton (D:6)
  4 killer bees (D:9)
  2 electric eels (D:10)
  7 wights
  A bullfrog zombie (D:6)
  7 crimson imps (D:8)
  A centaur zombie (D:7)
  5 jellies
  4 orc priests
  A gnoll shaman (D:4)
  3 hounds
  Jessica (D:3)
  3 iguanas
  10 orc wizards
  4 killer bee zombies
  A howler monkey zombie (D:5)
  Robin (D:4)
  9 gnolls
  7 adders
  A shadow imp (D:8)
  A white imp (D:8)
  3 ufetubi
  2 worms
  31 orcs
  4 bats
  6 endoplasms
  3 giant cockroaches
  14 goblins
  13 hobgoblins
  4 jackals (D:5)
  5 quokkas
  7 ball pythons
  6 frilled lizards
  12 kobolds
  6 rats
237 creatures vanquished.

Vanquished Creatures (others)
  14 fungi
  12 plants
26 creatures vanquished.

Grand Total: 263 creatures vanquished

Notes
Turn   | Place    | Note
-------+----------+-------------------------------------------
     0 | D:1      | pkoi the Draconian Gladiator began the quest for the Orb.
     0 | D:1      | Reached XP level 1. HP: 17/17 MP: 1/1
    34 | D:1      | You fall into a shaft and drop 1 floor!
   488 | D:1      | Reached XP level 2. HP: 23/24 MP: 2/2
   813 | D:1      | Reached skill level 4 in Unarmed Combat
  1365 | D:1      | Reached XP level 3. HP: 28/29 MP: 3/3
  1657 | D:2      | Found Monegoqu's Distillery.
  1869 | D:2      | Found a faded altar of an unknown god.
  2308 | D:3      | Found a stormy altar of Qazlal.
  2428 | D:3      | Reached XP level 4. HP: 24/36 MP: 4/4
  2433 | D:3      | Reached skill level 5 in Unarmed Combat
  2735 | D:3      | Noticed Jessica
  3149 | D:3      | Killed Jessica
  3166 | D:3      | HP: 1/36 [orc (2)]
  3169 | D:2      | Reached XP level 5. HP: 1/41 MP: 5/5
  3882 | D:2      | Reached skill level 6 in Unarmed Combat
  4212 | D:3      | Found Dyifioss's General Store.
  4498 | D:3      | Found a large runed translucent door.
  4499 | D:3      | Found a large runed translucent door.
  4502 | D:3      | Noticed JamezByez's ghost (weakling TeCj)
  5018 | D:3      | Found a hazy altar of Hepliaklqana.
  5391 | D:4      | Reached XP level 6. HP: 41/48 MP: 6/6
  5537 | D:3      | Reached skill level 7 in Unarmed Combat
  6185 | D:4      | Reached skill level 8 in Unarmed Combat
  6185 | D:4      | Your scales start taking on a pale cyan-grey colour.
  6185 | D:4      | Reached XP level 7. HP: 13/55 MP: 7/7
  6185 | D:4      | Gained mutation: You are immune to the effects of steam.
                  | [Pale Draconian growth]
  6422 | D:4      | Learned a level 3 spell: Gell's Gravitas
  6535 | D:4      | Reached skill level 1 in Translocations
  6563 | D:4      | Found Leesat's Antique Armour Emporium.
  6563 | D:4      | Found Wopythro's Antique Weapon Emporium.
  6564 | D:4      | Found Yzitergh's Magic Scroll Emporium.
  6591 | D:4      | Reached skill level 1 in Spellcasting
  6697 | D:4      | Noticed Robin
  6700 | D:4      | Found Aliosofu's Book Emporium.
  6713 | D:4      | Killed Robin
  6769 | D:4      | Bought a scroll of blinking for 75 gold pieces
  6769 | D:4      | Bought a scroll of identify for 20 gold pieces
  6769 | D:4      | Bought a scroll of identify for 20 gold pieces
  6769 | D:4      | Bought a scroll of identify for 20 gold pieces
  7013 | D:4      | Found a runed translucent gate.
  7015 | D:4      | Found a runed translucent gate.
  7016 | D:4      | Found a runed translucent gate.
  7016 | D:4      | Noticed zeram's ghost (amateur DEBr)
  7132 | D:5      | Entered Level 5 of the Dungeon
  7468 | D:5      | Reached XP level 8. HP: 34/61 MP: 11/11
  8000 | D:5      | Found a broken altar of Ashenzari.
  8018 | D:5      | Reached skill level 9 in Unarmed Combat
  9446 | D:6      | Found a staircase to the Ecumenical Temple.
  9480 | D:6      | Found Onwephu's Self-Improvement Boutique.
  9525 | Temple   | Entered the Ecumenical Temple
  9719 | Temple   | Became a worshipper of Gozag Ym Sagoz the Greedy
 10126 | D:6      | Reached skill level 5 in Translocations
 10192 | D:6      | Noticed Blork the orc
 10303 | D:6      | Found the brooch of Shielding {Spirit SH+8}
 10333 | D:6      | Found an ancient bone altar of Kikubaaqudgha.
 10344 | D:6      | Reached XP level 9. HP: 49/67 MP: 12/15
 10347 | D:6      | Killed Blork the orc
 10457 | D:6      | Reached skill level 10 in Unarmed Combat
 10936 | D:7      | Found a sparkling altar of Nemelex Xobeh.
 10952 | D:7      | Noticed Maggie
 10981 | D:7      | Killed Maggie
 11347 | D:7      | Found a glowing silver altar of Zin.
 11347 | D:7      | Found a white marble altar of Elyvilon.
 11348 | D:7      | Found a glowing golden altar of the Shining One.
 11488 | D:7      | Noticed Harold
 11587 | D:7      | Noticed Pikel
 12083 | D:8      | Found a radiant altar of Vehumet.
 12289 | D:8      | Reached skill level 11 in Unarmed Combat
 12881 | D:8      | Identified a scroll of acquirement
 12881 | D:8      | Acquired 1101 gold pieces
 12977 | D:8      | Reached XP level 10. HP: 68/73 MP: 16/16
 13048 | D:8      | Found a large runed translucent door.
 13049 | D:8      | Found a large runed translucent door.
 13051 | D:8      | Noticed Stomo444's ghost (novice VSMo)
 13088 | D:8      | Noticed a two-headed ogre
 13101 | D:8      | Killed a two-headed ogre
 13550 | D:9      | Noticed a smoke demon
 13552 | D:9      | Noticed a smoke demon
 13553 | D:9      | Noticed a smoke demon
 13594 | D:8      | Noticed a cyclops
 13605 | D:8      | Noticed a tengu warrior
 13979 | D:9      | Noticed a boulder beetle
 14261 | D:9      | Reached skill level 12 in Unarmed Combat
 15356 | D:10     | Entered Level 10 of the Dungeon
 15416 | D:10     | Noticed a boulder beetle
 15435 | D:10     | Killed a boulder beetle
 15436 | D:10     | Reached skill level 10 in Translocations
 15649 | D:6      | Killed Pikel
 15792 | D:7      | Killed Harold
 15793 | D:7      | Reached XP level 11. HP: 28/79 MP: 7/17
 16379 | D:7      | Killed a tengu warrior
 16380 | D:7      | Reached skill level 13 in Unarmed Combat
 16790 | D:10     | Noticed a boulder beetle
 16832 | D:10     | Mangled by a boulder beetle

Illustrated notes

Levels and vault maps discovered:
D:1:      lightli_arrival_isolated_outpost, layout_loops_ring, minmay_tall_x
D:2:      layout_basic, serial_shops, shop,
          dreamdust_ecumenical_altar_angels_and_demons
D:3:      layout_basic, mainiacjoe_overflow_swirl, ebering_ghost_disaster_area,
          cheibrodos_sewer_entry_drain, serial_shops, nicolae_shop_stone,
          grunt_decor_one_mirror, uniq_jessica
D:4:      layout_cave_pods, gammafunk_ghost_nasty_kobolds,
          minmay_shop_grid_forest, uniq_robin
D:5:      layout_loops_cross, mainiacjoe_overflow_brackets, st_stairs_7,
          wad_floor_pattern_untrapped
D:6:      layout_loops_ring, mainiacjoe_overflow_six_doors_small, temple_hall,
          nicolae_shop_self_help, uniq_blork_the_orc
D:7:      layout_basic, good_gods_temple_1, nemelex_spade_bored_becter,
          mrwooster_statue_mirror, uniq_harold, uniq_maggie, uniq_pikel
D:8:      cheibrodos_elevator_heist, layout_rooms, vehumet_altar_wand_db,
          ebering_ghost_disaster_area, minmay_nine_imps
D:9:      layout_stronghold, minmay_misc_feat_encased, minmay_misc_feat_square,
          minmay_misc_feat_doors, minmay_misc_feat_room
D:10:     minmay_chopped_fan, layout_basic, okawaru_metal_pillars_3,
          grunt_lair_entry_orc_guard_hut, serial_shops, shop, fountainhead,
          uniq_maurice, uniq_snorg, uniq_urug
Temple:   minmay_temple_bridge_abc

Skill      XL: |  1  2  3  4  5  6  7  8  9 10 11 |
---------------+----------------------------------+-----
Unarmed Combat | 4 5 6 8 9 11 12 13 | 13.2
Translocations | 2 5 8 10 | 10.9
Spellcasting   | 2 4 |  4.0
Fighting       | |  2.1
Throwing       | |  1.7
Dodging        | |  2.6

Action                   |  1- 3 |  4- 6 |  7- 9 | 10-12 || total
-------------------------+-------+-------+-------+-------++-------
Melee: Unarmed           |   136 |   152 |   427 |   196 ||   911
       Tailslap          |    16 |    15 |    54 |    37 ||   122
       Punch             |     2 |     6 |    20 |    14 ||    42
 Cast: Gell's Gravitas   |       |       |       |     9 ||     9
Invok: Call Merchant     |       |       |     1 |     1 ||     2
 Abil: Breathe Steam     |       |       |    21 |    20 ||    41
Evoke: Wand              |       |       |       |     9 ||     9
  Use: Scroll            |     7 |     1 |     8 |     2 ||    18
       Potion            |       |     2 |       |       ||     2
 Stab: Sleeping          |     1 |       |       |       ||     1
Armor: Skin              |    41 |    48 |   148 |    76 ||   313
Dodge: Dodged            |    67 |    79 |   223 |    94 ||   463
Block: Other             |       |       |    88 |    80 ||   168
